 Dungeon Sprint DCSS version 0.19.1-1-g22dce08 (webtiles) character file.

13652 dvd the Bludgeoner (level 11, -15/126 HPs)
             Began as a Troll Berserker on Jan 6, 2017.
             Was a High Priest of Trog.
             Demolished by a seven-headed hydra simulacrum (34 damage)
             ... in the Dungeon (Sprint III: "The Ten Rune Challenge").
             The game lasted 00:12:49 (1818 turns).

dvd the Bludgeoner (Troll Berserker)                Turns: 1818, Time: 00:12:51

Health: -15/126    AC: 14    Str: 29    XL:     11   Next: 78%
Magic:  7/7        EV: 17    Int:  6    God:    Trog [*****.]
Gold:   3500       SH:  0    Dex: 16    Spells: 0 memorised, 10 levels left

rFire  . . .     SeeInvis .     a - +1 eveningstar (protect)
rCold  . . .     Gourm    +     b - +0 animal skin
rNeg   . . .     Faith    .     (no shield)
rPois  .         Spirit   .     D - +0 hat {Int+3}
rElec  .         Reflect  .     l - +1 cloak
rCorr  .         Harm     .     (gloves unavailable)
MR     .....     NoTele   +     (boots unavailable)
Stlth  +++.......               (no amulet)
                                (no ring)
                                (no ring)

@: exhausted, protection aura, slowed, very slow
A: unfitting armour, claws 3, horns 1, agile 2, fast metabolism 3, gourmand, low
mp 2, regeneration 1, shaggy fur 1, strong 1, tough skin 2
a: Berserk, Trog's Hand, Brothers in Arms, Burn Spellbooks, Renounce Religion


You were in the Dungeon.
You worshipped Trog.
Trog was extremely pleased with you.
You were very full.

You visited 1 branch You collected 3500 gold pieces.

Inventory:

Hand Weapons
 a - a +1 eveningstar of protection (weapon)
 j - a +3 quarterstaff of chaos
 t - a +2 flail of holy wrath
 w - a +1 long sword of slicing
 x - a +3 antimagic dire flail
 y - the +3 arbalest of Egeschick {speed, MR+ Dex+2}
   (Trog gifted it to you in the Dungeon)

   Attacks with this weapon are significantly faster.
   It affects your dexterity (+2).
   It affects your resistance to hostile enchantments.
 z - a +1 antimagic great mace
 A - a +1 lajatang of protection
 B - a +3 great sword of slicing
 C - a +2 longbow of flaming
Missiles
 k - 6 large rocks (quivered)
Armour
 b - a +0 animal skin (worn)
 l - a +1 cloak (worn)
 D - a +0 hat of intelligence (worn)
Wands
 m - a wand of iceblast (5/15)
Scrolls
 e - a scroll of fog
 i - a scroll of blinking
 o - a scroll of remove curse
 p - 2 scrolls of identify
Potions
 d - 2 potions of curing
 f - 2 potions of haste
 g - 2 potions of magic
 h - a potion of berserk rage
 n - a potion of degeneration {unknown}
 r - 5 potions of cure mutation
 s - a potion of brilliance {unknown}
 v - a potion of flight {unknown}
Comestibles
 c - 2 bread rations
 q - 2 royal jellies
 u - a meat ration
 E - 7 chunks of flesh


   Skills:
 + Level 12.9 Fighting
 + Level 15.3(16.8) Maces & Flails
 + Level 11.3(14.2) Staves
 + Level 3.7 Throwing
 + Level 10.6 Dodging
 + Level 4.2 Stealth


You had 10 spell levels left.
You didn't know any spells.

Dungeon Overview and Level Annotations

Branches:
Dungeon (1/1)

Altars:
Cheibriados
Dithmenos
Elyvilon
Fedhas
Gozag
Hepliaklqana
Kikubaaqudgha
Makhleb
Nemelex Xobeh
Okawaru
Qazlal
Ru
Sif Muna
Trog
Uskayaw
Vehumet
Xom
Yredelemnul
Zin
The Shining One
Beogh
Jiyva
Lugonu

Shops:
D (


Innate Abilities, Weirdness & Mutations

You are too large for most types of armour.
You have claws for hands.
Your metabolism is lightning-fast.
You like to eat raw meat.
Your natural rate of healing is unusually fast.
You are covered in fur. (AC +1)
You have very tough skin. (AC +2)
You have a pair of small horns on your head.
You are very agile. (Dex +4)
Your magical capacity is very low. (-20% MP)
Your muscles are strong. (Str +2)


Message History

Your troll's corpse disappears in a puff of smoke!
You sock the seven-headed hydra simulacrum!
The seven-headed hydra simulacrum is lightly damaged.
The seven-headed hydra simulacrum misses you.
The seven-headed hydra simulacrum barely misses you.
The seven-headed hydra simulacrum bites you!
The seven-headed hydra simulacrum freezes you!!
The seven-headed hydra simulacrum barely misses you.
The seven-headed hydra simulacrum bites you.
The seven-headed hydra simulacrum freezes you!!
* * * LOW HITPOINT WARNING * * *
The seven-headed hydra simulacrum bites you but does no damage. x2
You bludgeon the seven-headed hydra simulacrum!!
You headbutt the seven-headed hydra simulacrum.
The seven-headed hydra simulacrum is severely damaged.
The seven-headed hydra simulacrum bites you but does no damage.
The seven-headed hydra simulacrum bites you!
* * * LOW HITPOINT WARNING * * *
The seven-headed hydra simulacrum freezes you!!
You die...

...#≈≈≈≈P..PP....P♣
+#############'####
#≈♣♣ #♣.♣ ♣.♣♣ ♣♣.♣
♣.♣♣ ♣≈♣♣ ♣)@♣ ♣♣Z♣
♣♣.♣ ≈♣ .§ ≈.§ ≈.≈.
♣♣♣♣♣


You could see a seven-headed hydra simulacrum.

Vanquished Creatures
  Gastronok (D)
  2 dire elephants (D)
  2 ice dragons (D)
  4 death yaks (D)
  A deep elf mage (D)
  An elephant (D)
  2 black mambas (D)
  2 spiny frogs (D)
  A rime drake (D)
  A komodo dragon (D)
  5 blink frogs (D)
  A redback (D)
  A shadow (D)
  2 hill giants (D)
  3 wandering mushrooms (D)
  A swamp drake (D)
  An orc warrior (D)
  A necrophage (D)
  3 two-headed ogres (D)
  A water elemental (D)
  A jelly (D)
  2 orc priests (D)
  A wizard (D)
  Crazy Yiuf (D)
  Jessica (D)
  A necromancer (D)
  3 humans (D)
  A kobold demonologist (D)
  An ooze (D)
  2 swamp drake simulacra (D)
  2 rats (D)
  A ballistomycete spore (D)
53 creatures vanquished.

Vanquished Creatures (collateral kills)
  Rupert (D)
  Erolcha (D)
  An orc knight (D)
  An elephant (D)
  3 blink frogs (D)
  A redback (D)
  2 orc warriors (D)
  3 orc priests (D)
  3 orc wizards (D)
  6 orcs (D)
22 creatures vanquished.

Vanquished Creatures (others)
  2 draconian scorchers (D)
  3 hydras (D)
  6 hellions (D)
  2 yaktaurs (D)
  An electric eel (D)
  3 plants (D)
17 creatures vanquished.

Grand Total: 92 creatures vanquished

Notes
Turn   | Place    | Note
-------+----------+-------------------------------------------
     0 | D        | dvd the Troll Berserker began the quest for the Orb.
     0 | D        | Reached XP level 1. HP: 22/22 MP: 0/0
     4 | D        | Reached skill level 3 in Maces & Flails
    14 | D        | Noticed Jessica
    16 | D        | Reached ** piety under Trog
    19 | D        | Killed Jessica
    19 | D        | Reached skill level 4 in Maces & Flails
    19 | D        | Reached XP level 2. HP: 18/32 MP: 1/1
    19 | D        | Reached XP level 3. HP: 22/39 MP: 2/2
    76 | D        | Noticed Crazy Yiuf
    79 | D        | Killed Crazy Yiuf
    79 | D        | Reached skill level 5 in Maces & Flails
    86 | D        | Killed an eight-headed hydra
    91 | D        | Reached *** piety under Trog
    91 | D        | Reached XP level 4. HP: 49/49 MP: 3/3
   107 | D        | Killed a hellion
   135 | D        | Gained mutation: You are agile. (Dex +2) [potion of mutation]
   135 | D        | Gained mutation: Your magical capacity is low. (-10% MP) [potion of mutation]
   135 | D        | Gained mutation: Your magical capacity is very low. (-20% MP) [potion of mutation]
   136 | D        | Gained mutation: You are very agile. (Dex +4) [potion of mutation]
   136 | D        | Gained mutation: You have a pair of small horns on your head. [potion of mutation]
   137 | D        | Gained mutation: You are partially covered in icy blue scales. (AC +2) [potion of mutation]
   138 | D        | Lost mutation: You are partially covered in icy blue scales. (AC +2) [potion of mutation]
   138 | D        | Gained mutation: Your muscles are strong. (Str +2) [potion of mutation]
   164 | D        | Noticed a water elemental
   171 | D        | Killed a water elemental
   171 | D        | Reached skill level 5 in Fighting
   171 | D        | Reached skill level 6 in Maces & Flails
   202 | D        | Killed a hellion
   204 | D        | Killed a hellion
   204 | D        | Killed a hellion
   225 | D        | Killed a hellion
   227 | D        | Killed a hellion
   230 | D        | Found a glowing silver altar of Zin.
   230 | D        | Found a glowing golden altar of the Shining One.
   230 | D        | Found a white marble altar of Elyvilon.
   231 | D        | Noticed a deep elf mage
   238 | D        | Killed a deep elf mage
   238 | D        | Reached skill level 9 in Maces & Flails
   238 | D        | Reached skill level 1 in Staves
   238 | D        | Reached XP level 5. HP: 62/62 MP: 3/3
   238 | D        | Reached XP level 6. HP: 71/71 MP: 3/3
   238 | D        | Reached XP level 7. HP: 78/78 MP: 4/4
   258 | D        | Killed a yaktaur
   259 | D        | Killed a white draconian scorcher
   277 | D        | Found a radiant altar of Vehumet.
   277 | D        | Found a deep blue altar of Sif Muna.
   277 | D        | Found an ancient bone altar of Kikubaaqudgha.
   281 | D        | Reached **** piety under Trog
   289 | D        | Reached ***** piety under Trog
   294 | D        | Killed a white draconian scorcher
   312 | D        | Found a hide-covered altar of Uskayaw.
   312 | D        | Found a roughly hewn altar of Beogh.
   312 | D        | Found an iron altar of Okawaru.
   312 | D        | Found a bloodstained altar of Trog.
   312 | D        | Noticed a human
   314 | D        | Noticed a human
   317 | D        | Killed a human
   322 | D        | Killed a human
   348 | D        | Killed a yaktaur
   360 | D        | Found a basalt altar of Yredelemnul.
   360 | D        | Found a shadowy altar of Dithmenos.
   360 | D        | Found a sacrificial altar of Ru.
   364 | D        | Reached skill level 10 in Maces & Flails
   381 | D        | Noticed a shadow
   387 | D        | Killed a shadow
   387 | D        | Reached XP level 8. HP: 56/91 MP: 5/5
   446 | D        | Found a blossoming altar of Fedhas.
   446 | D        | Found a stormy altar of Qazlal.
   447 | D        | Found a snail-covered altar of Cheibriados.
   447 | D        | Found a burning altar of Makhleb.
   447 | D        | Found a hazy altar of Hepliaklqana.
   447 | D        | Found a shimmering altar of Xom.
   447 | D        | Found an opulent altar of Gozag.
   447 | D        | Found a sparkling altar of Nemelex Xobeh.
   447 | D        | Found a corrupted altar of Lugonu.
   447 | D        | Found a viscous altar of Jiyva.
   570 | D        | Noticed an orc knight
   579 | D        | Reached ****** piety under Trog
   580 | D        | Received a gift from Trog
   591 | D        | Killed an orc knight
   591 | D        | Reached skill level 5 in Staves
   601 | D        | Received a gift from Trog
   606 | D        | Received a gift from Trog
   613 | D        | Found Bacwuc's Antique Weapon Shop.
   786 | D        | Reached skill level 1 in Stealth
   786 | D        | Reached XP level 9. HP: 100/100 MP: 3/6
   791 | D        | Noticed Erolcha
   800 | D        | Reached skill level 11 in Maces & Flails
   813 | D        | Killed Erolcha
   813 | D        | Received a gift from Trog
   813 | D        | Reached skill level 10 in Fighting
   814 | D        | Got a translucent arbalest {god gift}
   816 | D        | Identified the +3 arbalest of Egeschick {speed, MR+ Dex+2} (Trog gifted it to you in the Dungeon)
   903 | D        | Noticed a wandering mushroom
   911 | D        | Noticed a wandering mushroom
   923 | D        | Noticed a wandering mushroom
   926 | D        | Killed a wandering mushroom
   933 | D        | Killed a wandering mushroom
   975 | D        | Noticed a spiny frog
   975 | D        | Noticed a komodo dragon
   975 | D        | Noticed a spiny frog
   981 | D        | Killed a spiny frog
   985 | D        | Killed a komodo dragon
   986 | D        | Killed a spiny frog
   986 | D        | Reached skill level 12 in Maces & Flails
   986 | D        | Reached XP level 10. HP: 111/111 MP: 7/7
  1033 | D        | Received a gift from Trog
  1108 | D        | Killed a seven-headed hydra
  1160 | D        | Killed an eight-headed hydra
  1186 | D        | Noticed Rupert
  1195 | D        | Killed Rupert
  1195 | D        | Received a gift from Trog
  1195 | D        | Reached skill level 13 in Maces & Flails
  1195 | D        | Reached skill level 10 in Staves
  1259 | D        | Noticed a death yak
  1260 | D        | Noticed a death yak
  1261 | D        | Noticed a death yak
  1263 | D        | Noticed a death yak
  1267 | D        | Killed a death yak
  1271 | D        | Killed a death yak
  1271 | D        | Received a gift from Trog
  1279 | D        | Killed a death yak
  1279 | D        | Reached XP level 11. HP: 88/123 MP: 7/7
  1284 | D        | HP: 5/123 [death yak (14)]
  1290 | D        | Killed a death yak
  1290 | D        | Reached skill level 14 in Maces & Flails
  1291 | D        | Reached skill level 10 in Dodging
  1411 | D        | Noticed an azure jelly
  1411 | D        | Noticed an azure jelly
  1625 | D        | Noticed an azure jelly
  1625 | D        | Noticed an azure jelly
  1648 | D        | Noticed a dire elephant
  1648 | D        | Noticed a dire elephant
  1648 | D        | Noticed Gastronok
  1654 | D        | Killed a dire elephant
  1658 | D        | Killed a dire elephant
  1658 | D        | Received a gift from Trog
  1667 | D        | Killed Gastronok
  1667 | D        | Reached skill level 15 in Maces & Flails
  1794 | D        | Noticed an ice dragon
  1800 | D        | Noticed an ice dragon
  1803 | D        | Killed an ice dragon
  1803 | D        | Received a gift from Trog
  1815 | D        | Killed an ice dragon
  1818 | D        | Demolished by a seven-headed hydra simulacrum

Skill      XL: |  1  2  3  4  5  6  7  8  9 10 11 |
---------------+----------------------------------+-----
Maces & Flails | 4 5 9 10 12 13 15 | 15.3
Fighting       | 3 4 7 8 9 10 11 12 | 12.9
Dodging        | 3 4 6 7 8 9 10 | 10.6
Staves         | 1 2 6 9 10 11 | 11.3
Throwing       | 2 3 |  3.7
Stealth        | 1 3 4 |  4.2

Action                   |  1- 3 |  4- 6 |  7- 9 | 10-12 || total
-------------------------+-------+-------+-------+-------++-------
Melee: Mace              |     9 |       |       |       ||     9
       Quarterstaff      |     1 |    10 |    43 |       ||    54
       Headbutt          |       |     2 |    27 |    28 ||    57
       Eveningstar       |       |       |    32 |    64 ||    96
       Dire flail        |       |       |     3 |       ||     3
       Lajatang          |       |       |       |    18 ||    18
Throw: Large rock        |     3 |     1 |     1 |     1 ||     6
Invok: Berserk           |     1 |     2 |     4 |     3 ||    10
       Burn Spellbooks   |       |       |     1 |       ||     1
       Trog's Hand       |       |       |     2 |     1 ||     3
       Brothers in Arms  |       |       |     2 |     5 ||     7
  Use: Potion            |       |     4 |       |     1 ||     5
       Scroll            |       |       |     4 |     1 ||     5
 Stab: Sleeping          |       |       |     1 |     1 ||     2
       Distracted        |       |       |       |     3 ||     3
  Eat: Chunk             |     5 |       |    16 |    13 ||    34
Armor: Animal skin       |     4 |     1 |    12 |    19 ||    36
Dodge: Dodged            |     4 |     4 |    35 |    50 ||    93
